 Dungeon Crawl Stone Soup version 0.28.0-53-g5a82cb258f (webtiles) character file.

Game seed: 8775589265868080395

4 eooof the Conjurer (level 1, 0/14 HPs)
             Began as a Demigod Conjurer on June 29, 2022.
             Slain by a rat (2 damage)
             ... on level 2 of the Dungeon.
             The game lasted 00:01:28 (222 turns).

eooof the Conjurer (Demigod Conjurer)                Turns: 222, Time: 00:01:30

Health: 0/14       AC:  9    Str:  8    XL:     1   Next: 46%
Magic:  0/5        EV:  8    Int: 20    God:
Gold:   0          SH:  0    Dex: 12    Spells: 2/3 levels left

rFire   . . .      SeeInvis .   (no weapon)
rCold   . . .      Faith    .   (no shield)
rNeg    . . .      Spirit   .   c - +3 scale mail
rPois   .          Reflect  .   (no helmet)
rElec   .          Harm     .   (no cloak)
rCorr   .          Rampage  .   (no gloves)
Will    .....                   (no boots)
Stlth   ..........              (no amulet)
HPRegen 0.04/turn               (no ring)
MPRegen 0.09/turn               (no ring)

@: very slightly contaminated
A: high MP 1, forlorn, divine attributes
a: no special abilities


You were on level 2 of the Dungeon.
You visited 1 branch of the dungeon, and saw 2 of its levels.

Inventory:

Armour
 a - a +0 robe
 c - a +3 scale mail (worn)
Scrolls
 b - a scroll of holy word {unknown}
 d - a scroll of magic mapping {unknown}
Potions
 e - a potion of attraction {unknown}


   Skills:
 + Level 1.9 Dodging
 + Level 1.9 Stealth
 + Level 1.8 Spellcasting
 + Level 3.6 Conjurations


You had 2 spell levels left.
You knew the following spells:

 Your Spells              Type           Power      Damage    Failure   Level
a - Magic Dart            Conj           64%        1d6       36%         1

Your spell library contained the following spells:

 Spells                   Type           Power      Damage    Failure   Level
 Searing Ray              Conj           32%        2d5       50%         2
 Dazzling Flash           Conj/Hex       18%        N/A       93%         3
 Fulminant Prism          Conj/Hex       4%         3d6       100%        4
 Iskenderun's Mystic Bla  Conj/Tloc      9%         2d4       100%        4


Dungeon Overview and Level Annotations

Branches:
Dungeon (2/15)


Innate Abilities, Weirdness & Mutations

You have an increased reservoir of magic. (+10% MP)
You shall have no god before yourself.
Your divine heritage dramatically boosts your attributes as you level up.


Message History

The endoplasm freezes you.
You are frozen.
* * * LOW HITPOINT WARNING * * *
Found a stone staircase leading down.
Your magical contamination has completely faded away.
There is a stone staircase leading down here.
The endoplasm barely misses you.
The gnoll hits you from afar with a +0 spear.
* * * LOW HITPOINT WARNING * * *
You climb downwards.
Found a pearl ring.
There is a stone staircase leading up here.
Casting: Magic Dart (safe; 36% risk of failure)
Confirm with . or Enter, or press ? or * to list all spells.
Aiming: Magic Dart (safe; 36% risk of failure)
Press: ? - help, Shift-Dir - straight line, f - endoplasm
Aim: an endoplasm (100% to hit)
You miscast Magic Dart.
You are very lightly contaminated with residual magic.
Nothing appears to happen.
The endoplasm hits you but does no damage.
Unknown command.
The rat twitches its whiskers.
Casting: Magic Dart (safe; 36% risk of failure)
Confirm with . or Enter, or press ? or * to list all spells.
Aiming: Magic Dart (safe; 36% risk of failure)
Press: ? - help, Shift-Dir - straight line, f/p - endoplasm
Aim: an endoplasm (100% to hit)
The magic dart hits the endoplasm but does no damage.
The endoplasm hits you but does no damage.
Casting: Magic Dart (safe; 36% risk of failure)
Confirm with . or Enter, or press ? or * to list all spells.
Aiming: Magic Dart (safe; 36% risk of failure)
Press: ? - help, Shift-Dir - straight line, f/p - endoplasm
Aim: an endoplasm (100% to hit)
The magic dart hits the endoplasm.
The endoplasm is severely wounded.
The endoplasm hits you but does no damage.
The rat bites you.
You die...

.......
##......
......# #
#......#
#....#.###
##...#...#
##...<.##
#....Jr.#
#....@..#
.....=....#
#.........#
###.........
#.......##.
..........
..
..........##
#
........###


You could see an endoplasm and a rat.

Vanquished Creatures
  A ball python (D:1)
  A giant cockroach (D:1)
  A bat (D:1)
  A frilled lizard (D:1)
  A kobold (D:1)
5 creatures vanquished.

Notes
Turn   | Place    | Note
-------+----------+-------------------------------------------
     0 | D:1      | eooof the Demigod Conjurer began the quest for the Orb.
     0 | D:1      | Reached XP level 1. HP: 14/14 MP: 5/5
   222 | D:2      | Slain by a rat

Illustrated notes

Levels and vault maps discovered:
D:1:      dpeg_arrival_tiny_g, layout_basic, ebering_ecumenical_altar_petrified
D:2:      layout_rooms

Action                   || total
-------------------------++-------
Melee: Unarmed           ||     2
 Cast: Magic Dart        ||    10
Armor: Scale mail        ||    17
Dodge: Dodged            ||    19
